 Dungeon Crawl Stone Soup version 0.29-a0-352-g0917bc69df (webtiles) character file.

Game seed: 3935292688938649318

1522 sokol815 the Cruncher (level 8, -12/48 HPs)
             Began as an Octopode Wanderer on Apr 24, 2022.
             Was an Initiate of Gozag.
             Mangled by an ogre
             ... wielding a +0 giant club
              (32 damage)
             ... on level 6 of the Dungeon.
             The game lasted 00:10:07 (6409 turns).

sokol815 the Cruncher (Octopode Wanderer)           Turns: 6409, Time: 00:10:08

Health: -12/48     AC:  5    Str:  8    XL:     8   Next: 84%
Magic:  9/9        EV: 16    Int: 14    God:    Gozag
Gold:   762        SH:  0    Dex: 23    Spells: 6/9 levels left

rFire   . . .      SeeInvis .   a - +2 quarterstaff (freeze)
rCold   . . .      Faith    .   (shield currently unavailable)
rNeg    . . .      Spirit   .   (helmet restricted)
rPois   .          Reflect  .   d - amulet of regeneration
rElec   .          Harm     .   f - +6 ring of dexterity
rCorr   .          Rampage  .   A - +4 ring of protection
Will    .....                   (no ring)
Stlth   +++.......              (no ring)
HPRegen 0.96/turn               (no ring)
MPRegen 0.11/turn               (no ring)
                                (no ring)
                                (no ring)

@: no status effects
A: almost no armour, amphibious, 8 rings, camouflage 1, gelatinous body 1,
(nimble swimmer 1), tentacles
a: Renounce Religion, Potion Petition, Call Merchant, Bribe Branch


You were on level 6 of the Dungeon.
You worshipped Gozag.
Gozag was pleased with you.
You visited 1 branch of the dungeon, and saw 6 of its levels.

You collected 888 gold pieces.
You spent 50 gold pieces at shops.
You paid 76 gold pieces to Gozag.

Inventory:

Hand Weapons
 a - a +2 quarterstaff of freezing (weapon)
 b - a +0 hand axe
   (You found it on level 1 of the Dungeon)
 g - a +4 dagger
   (You took it off a goblin on level 2 of the Dungeon)
 i - a +2 dagger of venom
   (You took it off a goblin on level 2 of the Dungeon)
Missiles
 k - 6 boomerangs
 s - 185 stones
Jewellery
 d - an amulet of regeneration (around mantle)
   (You found it on level 4 of the Dungeon)
 f - a +6 ring of dexterity (left tentacle)
   (You found it on level 4 of the Dungeon)
 A - a +4 ring of protection (right tentacle)
   (You took it off Robin on level 2 of the Dungeon)
Wands
 j - a wand of polymorph (8)
   (You found it on level 5 of the Dungeon)
 q - a wand of flame (29)
   (You took it off Robin on level 2 of the Dungeon)
Scrolls
 l - a scroll of vulnerability {unknown}
 m - 2 scrolls of amnesia {unknown}
 E - a scroll of fear
 K - 3 scrolls of immolation {!r}
 S - a scroll of summoning
 X - a scroll of magic mapping {@r4!r}
 Y - 3 scrolls of teleportation {@r3}
Potions
 e - a potion of attraction {!q}
 h - a potion of magic
 I - 2 potions of invisibility
 J - 4 potions of curing {@q1}
 M - 2 potions of might
 N - 2 potions of heal wounds {@q2}
 P - 2 potions of lignification {!q}
Miscellaneous
 c - a piece from Xom's chessboard (15/15)


   Skills:
 + Level 1.4 Fighting
 * Level 9.7 Staves
 - Level 1.0 Throwing
 - Level 4.0 Dodging
 - Level 1.0 Spellcasting
 + Level 3.8 Ice Magic
 - Level 4.3 Evocations


You had 6 spell levels left.
You knew the following spells:

 Your Spells              Type           Power      Damage    Failure   Level
a - Frozen Ramparts       Ice            22%        1d4       17%         3

Your spell library contained the following spells:

 Spells                   Type           Power      Damage    Failure   Level
 Freeze                   Ice            44%        1d6       5%          1
 Animate Skeleton         Necr           0%         N/A       26%         1
 Apportation              Tloc           0%         N/A       26%         1
 Sting                    Tmut/Pois      0%         1d3       26%         1
 Summon Small Mammal      Summ           0%         N/A       26%         1
 Corpse Rot               Necr/Air       0%         N/A       36%         2
 Poisonous Vapours        Pois/Air       0%         N/A       36%         2
 Gell's Gravitas          Tloc           0%         N/A       61%         3
 Lesser Beckoning         Tloc           0%         N/A       61%         3
 Teleport Other           Tloc           0%         N/A       61%         3
 Hailstorm                Conj/Ice       6%         3d4       77%         4
 Olgreb's Toxic Radiance  Pois           0%         N/A       95%         4


Dungeon Overview and Level Annotations

Branches:
Dungeon (6/15)
 Temple: D:4-7

Altars:
Gozag
Nemelex Xobeh
Sif Muna
Uskayaw

Shops:
D:3 ?

Annotations:
D:4 exclusion: ogre
D:5 Prince Ribbit


Innate Abilities, Weirdness & Mutations

You cannot wear most types of armour.
You are amphibious.
You can wear up to eight rings at the same time.
Your skin changes colour to match your surroundings (Stealth+).
Your rubbery body absorbs attacks. (AC +1, EV +1)
((You are camouflaged when in or above water. (Stealth+)))
You have tentacles for arms and can constrict up to eight enemies at once.


Message History

You see here a +0 spear.
You regained 2 hp, and now have 41/48 hp.
You now have 712 gold pieces (gained 15).
You regained 2 hp, and now have 43/48 hp.
An iguana comes into view.
Health restored: 48 No target in view!
No target in view!
No target in view!
A gnoll shaman comes into view. It is wielding a +0 whip.
A gnoll comes into view. It is wielding a +0 whip of pain.
A gnoll comes into view. It is wielding a +0 spear.
The iguana hisses angrily.
The gnoll shouts!
You hit the iguana but do no damage. You grab the iguana.
You squeeze the iguana. You constrict the iguana.
You hear a shout!
The gnoll shaman calls upon its god to speed up the gnoll.
The gnoll seems to speed up.
The iguana bites you.
You take 4 damage, and have 44/48 hp.
You hit the iguana.
The iguana seems to slow down.
You freeze the iguana. You squeeze the iguana!
You constrict the iguana, but do no damage.
You sock the iguana!
The iguana seems to slow down.
You freeze the iguana.
You kill the iguana!
The gnoll hits you with a +0 whip of pain.
A gnoll comes into view. It is wielding a +0 flail.
The gnoll barely misses you.
The gnoll is distracted by your dazzling golden aura.
The gnoll shaman attacks as you move away!
The gnoll shaman hits you with a +0 whip.
The gnoll hits you with a +0 whip of pain.
You writhe in agony.
You take 7 damage, and have 39/48 hp.
The gnoll attacks as you move away! The gnoll barely misses you.
The gnoll hits you with a +0 whip of pain.
A gnoll comes into view. It is wielding a +0 whip.
You take 2 damage, and have 37/48 hp.
The gnoll is distracted by your dazzling golden aura.
The gnoll shouts!
You sock the gnoll! You freeze the gnoll.
You kill the gnoll!
You hear a shout! x2
The gnoll shaman calls upon its god to speed up the gnoll.
The gnoll seems to speed up.
Things that are here:
5 gold pieces; a +0 whip of pain You hit the gnoll shaman.
You freeze the gnoll shaman. Your grab misses the gnoll shaman.
You squeeze the gnoll shaman. The gnoll shaman barely misses you.
You thump the gnoll shaman! You freeze the gnoll shaman.
You kill the gnoll shaman!
You sock the gnoll! You freeze the gnoll.
You kill the gnoll!
The gnoll misses you.
Items here: $ )) [.
Things that are here:
5 gold pieces; a +0 whip of pain The gnoll closely misses you.
Health restored: 48 You hit the gnoll but do no damage.
You grab the gnoll. You squeeze the gnoll. You constrict the gnoll.
The gnoll barely misses you.
You hit the gnoll. You freeze the gnoll. You squeeze the gnoll!
You kill the gnoll!
The gnoll closely misses you.
Things that are here:
6 gold pieces; a +0 spear You closely miss the gnoll.
You grab the gnoll. You squeeze the gnoll. You constrict the gnoll.
The gnoll barely misses you.
You hit the gnoll. You freeze the gnoll. You constrict the gnoll.
The gnoll misses you.
You hit the gnoll. You freeze the gnoll. You constrict the gnoll.
You kill the gnoll!
You now have 726 gold pieces (gained 14).
Things that are here:
a +0 whip; a +0 whip of pain You now have 732 gold pieces (gained 6).
You see here a +0 spear.
Things that are here:
a +0 whip; a +0 whip of pain You now have 754 gold pieces (gained 22).
Things that are here:
a +0 flail; a +0 whip; a +0 robe You now have 762 gold pieces (gained 8).
An ogre comes into view. It is wielding a +0 giant club.
You see here a scroll of identify {@r1}.
The ogre shouts!
The ogre closely misses you.
You hit the ogre. You freeze the ogre. You barely miss the ogre.
The ogre hits you with a +0 giant club!!
Ouch! That really hurt!
You take 30 damage, and have 18/48 hp.
MASSIVE DAMAGE!!
You hit the ogre but do no damage. Your squeeze misses the ogre.
You hit the ogre. You freeze the ogre.
The ogre hits you with a +0 giant club!!
Ouch! That really hurt!
You die...
Your body crumbles into a pile of gold.

# ### ### .###+
..#####.##########......
..#.........?...@O.#
..#..........#######
..#..........#
..#..........#
..#..........#
..#..........#
.............#
..#..........#
#...>.....####


You could see an ogre.

Vanquished Creatures
  A steam dragon (D:6)
  A water moccasin (D:6)
  2 black bears
  A sky beast (D:4)
  2 ogres
  4 scorpions
  A gnoll shaman (D:6)
  An orc priest (D:4)
  3 hounds
  5 iguanas
  2 orc wizards (D:5)
  Robin (D:2)
  9 gnolls
  8 adders
  An ufetubus (D:5)
  4 dart slugs
  8 orcs
  5 endoplasms
  3 giant cockroaches
  15 goblins
  10 hobgoblins
  5 jackals
  2 kobolds
  10 quokkas
  7 ball pythons
  4 bats
  2 frilled lizards
  6 rats
123 creatures vanquished.

Notes
Turn   | Place    | Note
-------+----------+-------------------------------------------
     0 | D:1      | sokol815 the Octopode Wanderer began the quest for the Orb.
     0 | D:1      | sokol815 set off with the following items: a +2
                  | quarterstaff, a piece from Xom's chessboard (15/15), a
                  | potion of lignification {!q}, a scroll of summoning
     0 | D:1      | Reached XP level 1. HP: 11/11 MP: 2/2
   239 | D:1      | Reached XP level 2. HP: 11/17 MP: 3/3
   409 | D:1      | Found a faded altar of an unknown god.
   971 | D:1      | Reached XP level 3. HP: 19/21 MP: 4/4
  1113 | D:2      | Reached skill level 5 in Staves
  1353 | D:2      | Noticed Robin
  1353 | D:2      | You fall into a shaft and drop 2 floors!
  1353 | D:4      | Found the +6 lightning scales {swift, rElec}
  1447 | D:4      | Noticed a scorpion
  1454 | D:4      | HP: 4/21 [scorpion (8)]
  1456 | D:4      | Killed a scorpion
  1457 | D:4      | Reached skill level 6 in Staves
  1457 | D:4      | Reached XP level 4. HP: 14/27 MP: 5/5
  1663 | D:4      | HP: 5/27 [hound (5)]
  1664 | D:4      | HP: 1/27 [dart slug/slug dart (4)]
  1665 | D:4      | Reached XP level 5. HP: 1/31 MP: 6/6
  2158 | D:4      | Noticed an ogre
  2312 | D:4      | Noticed a sky beast
  2462 | D:3      | Found an opulent altar of Gozag.
  2468 | D:3      | Became a worshipper of Gozag Ym Sagoz the Greedy
  2591 | D:3      | Found a sparkling altar of Nemelex Xobeh.
  2710 | D:3      | Reached skill level 7 in Staves
  2710 | D:3      | Reached skill level 1 in Dodging
  2710 | D:3      | Reached XP level 6. HP: 10/36 MP: 7/7
  2893 | D:3      | Found Jolain's Magic Scroll Shop.
  2929 | D:3      | Found a hide-covered altar of Uskayaw.
  2932 | D:3      | Bought a scroll of noise for 10 gold pieces
  2932 | D:3      | Bought a scroll of identify for 20 gold pieces
  2932 | D:3      | Bought a scroll of identify for 20 gold pieces
  3216 | D:2      | Killed Robin
  3217 | D:2      | Reached skill level 2 in Dodging
  4083 | D:4      | HP: 6/36 [ogre/+0 giant club (21)]
  4086 | D:4      | Reached XP level 7. HP: 7/41 MP: 8/8
  4353 | D:4      | Reached skill level 3 in Dodging
  4631 | D:4      | Learned a level 3 spell: Frozen Ramparts
  4674 | D:4      | Reached skill level 8 in Staves
  4908 | D:5      | Entered Level 5 of the Dungeon
  4916 | D:5      | Reached skill level 1 in Ice Magic
  4978 | D:5      | Reached skill level 4 in Dodging
  5277 | D:5      | Reached XP level 8. HP: 34/46 MP: 9/9
  5380 | D:5      | Noticed Prince Ribbit
  5567 | D:5      | Reached skill level 2 in Ice Magic
  6137 | D:6      | Reached skill level 9 in Staves
  6159 | D:6      | Reached skill level 3 in Ice Magic
  6224 | D:6      | Found a shimmering blue altar of Sif Muna.
  6260 | D:6      | Reached skill level 1 in Fighting
  6409 | D:6      | Mangled by an ogre

Illustrated notes

Levels and vault maps discovered:
D:1:      dpeg_arrival_central, layout_basic, nicolae_ecumenical_snake_handling,
          minmay_misc_feat_hallway, minmay_split_cup_large
D:2:      layout_basic, uniq_robin
D:3:      layout_loops_ring, nicolae_uskayaw_murder_on_the_dancefloor,
          nemelex_spade_bored_becter, grunt_gozag_breadcrumbs, serial_shops,
          shop_statue
D:4:      layout_gridville, serial_co_window_serial, co_window_of_opportunity_a,
          co_window_paths_a, co_window_paths_b, co_window_paths_a,
          co_window_paths_a, co_window_broadway_b, co_window_of_opportunity_b,
          co_window_corner_ca, co_window_paths_c, co_window_broadway_b,
          co_window_corner_b, co_window_4corner_b, glass_columns_b,
          glass_columns_a, glass_columns_a, glass_columns_a, glass_columns_a
D:5:      layout_basic, hangedman_glass_teeth, uniq_prince_ribbit1
D:6:      layout_rooms, led_sif_pool, temple_green,
          chequers_serial_rivers_large_b, hangedman_decor_slide_cut

Skill      XL: |  1  2  3  4  5  6  7  8 |
---------------+-------------------------+-----
Staves         | 6 7 8 9 |  9.7
Dodging        | 1 2 4 |  4.0
Ice Magic      | 1 3 |  3.8
Fighting       | 1 |  1.4
Throwing       | |  1.0
Spellcasting   | |  1.0
Evocations     | |  4.3

Action                   |  1- 3 |  4- 6 |  7- 9 || total
-------------------------+-------+-------+-------++-------
Melee: Quarterstaff      |    58 |    90 |   123 ||   271
       Constrict         |    17 |    24 |    22 ||    63
       Tentacles         |     7 |    17 |    28 ||    52
       Punch             |       |     2 |     3 ||     5
Throw: Stone             |     7 |       |       ||     7
  Use: Scroll            |     4 |     6 |     1 ||    11
       Potion            |     1 |     2 |       ||     3
 Stab: Sleeping          |     9 |     8 |     9 ||    26
       Distracted        |       |       |     1 ||     1
Armor: Skin              |     6 |     1 |    15 ||    22
Dodge: Dodged            |    36 |    38 |    62 ||   136

Table legend: (Time is in decaauts)
 A = Elapsed time spent in this place.
 B = Non-inter-level travel time spent in this place.
 C = Inter-level travel time spent in this place.
 D = Time resting spent in this place.
 E = Time spent auto-exploring this place.
 F = Levels seen in this place.
 G = Mean time per level.
                   A        B        C        D        E       F      G
               +--------+--------+--------+--------+--------+-----+--------+
         Total |   6393 |   6098 |    295 |    889 |   4348 |   6 | 1065.5 |
       Dungeon |   6393 |   6098 |    295 |    889 |   4348 |   6 | 1065.5 |
               +--------+--------+--------+--------+--------+-----+--------+

Top non-repeatable levels by time:
     D:4: 2046 daAuts
     D:1: 1083 daAuts
     D:2: 892 daAuts
     D:5: 891 daAuts
     D:3: 883 daAuts
     D:6: 596 daAuts

Table legend:
 A = Kills in this place as a percentage of kills in entire the game.
 B = Kills by you in this place as a percentage of kills by you in the entire game.
 C = Kills by friends in this place as a percentage of kills by friends in the entire game.
 D = Other kills in this place as a percentage of other kills in the entire game.
 E = Experience gained in this place as a percentage of experience gained in the entire game.
 F = Experience gained in this place divided by the number of levels of this place that you have seen.
                   A       B       C       D       E      F
               +-------+-------+-------+-------+-------+----------------------
         Total | 100.0 | 100.0 |   N/A |   N/A | 100.0 | 362.5
       Dungeon | 100.0 | 100.0 |   N/A |   N/A | 100.0 | 362.5
               +-------+-------+-------+-------+-------+----------------------
